[Event "World U16-ch10"]
[Site "Champigny sur Marne"]
[Date "1984.04.??"]
[Round "9"]
[White "Dreev, Alexey"]
[Black "Ivanchuk, Vassily"]
[Result "1/2-1/2"]
[ECO "C26"]
[WhiteElo "2325"]
[BlackElo "2390"]
[Annotator "Dvoretzky,M"]
[PlyCount "103"]
[EventDate "1984.04.01"]
[EventType "swiss"]
[EventRounds "11"]
[EventCountry "FRA"]
[SourceTitle "EXT 2015"]
[Source "ChessBase"]
[SourceDate "2014.11.20"]
[SourceVersion "1"]
[SourceVersionDate "2014.11.20"]
[SourceQuality "1"]
[TimeControl "40/9000:16/5400:0"]

1. e4 {My most talented was definitely Alexey Dreev. His talent was not less
than Kasparov or Karpov.   When he was young, his results were also better
than Kasparov's results. Kasparov became a Soviet Master when he was 15. Dreev
became one at 13! And he didn't have the support that Karpov or Kasparov
received.  When Dreev played the World Cadets Championship under-16 twice, he
was 14 and 15 years old. He won both of them. He didn't lose any games.
Kasparov didn't win both his Cadet Championships. There was no doubt that
results of Dreev were higher than anybody at that age. But then the Soviet
system coupled with his own family, environment, and the city in which he
lived stopped him from progressing. He missed his opportunity to travel abroad.
All these factors prevented him from becoming a real star. He became a very
strong grandmaster who represented his country at the Olympiad. So it's not a
bad result, but he had potential for more.} Nf6 2. Nc3 e5 3. g3 Bc5 4. Bg2 Nc6
5. d3 a6 6. Nf3 d6 7. O-O O-O 8. Nd5 (8. h3 Be6 9. Kh2 h6 10. Be3 Bxe3 11. fxe3
d5 12. exd5 Nxd5 13. Nxd5 {1/2-1/2 (13) Stoica,V (2415)-Lukacs,P (2465) Tuzla
1981}) 8... Nxd5 9. exd5 Ne7 10. d4 exd4 11. Nxd4 Nf5 12. Nb3 Ba7 $146 (12...
Bb6 13. Bd2 Re8 14. Ba5 Ba7 15. Qd3 Ne3 16. Be4 Nxf1 17. Bxh7+ Kh8 18. Rxf1 Bh3
19. Bc3 Qg5 20. Be4 Bxf1 21. Kxf1 Re7 22. Qf3 f5 23. Bd3 Qg4 24. Qxf5 Qxf5 25.
Bxf5 Rf8 26. g4 Kg8 27. Bd4 c5 28. Be3 g6 29. Be6+ Kh7 30. Nd2 b5 31. Ne4 Bb8
32. Kg2 Kg7 33. f4 Rh8 34. b4 Kf8 35. bxc5 Reh7 36. Bg1 Ke7 37. c6 Bc7 38. Ng5
Rh4 39. h3 Rf8 40. Bd7 Ba5 41. Be3 Bc3 42. Be6 {Sanz Alonso,F (2355)-Jones,I 
(2245) Marbella 1982 1-0}) 13. Qd3 Qf6 14. Bd2 Bd7 15. Qc3 Nd4 16. Kh1 Bf5 17.
Rac1 Rfe8 18. Be3 Nxb3 19. Qxf6 gxf6 20. cxb3 Bd3 21. Rfe1 Bxe3 22. fxe3 Rac8
23. Rc3 Be4 24. Rec1 Bxg2+ 25. Kxg2 Re7 26. g4 Kg7 27. Kf3 Rce8 28. R1c2 Re5
29. Re2 R8e7 30. e4 a5 31. h3 Kg6 32. Rc4 c6 33. dxc6 bxc6 34. Rd2 d5 35. exd5
cxd5 36. Ra4 Re3+ 37. Kg2 R7e5 38. Rxa5 d4 39. b4 Re2+ 40. Rxe2 Rxe2+ 41. Kf3
Rxb2 42. b5 d3 43. Ke3 d2 44. Ke2 f5 45. gxf5+ Kxf5 46. a4 Ke4 47. Ra7 f5 48.
Re7+ Kf4 49. Rxh7 Kg3 50. h4 f4 51. h5 f3+ 52. Kd1 1/2-1/2